 Dungeon Crawl Stone Soup version 0.28-a0-474-g535839065c (webtiles) character file.

Game seed: 4098650074463086813

0 meatgazer the Skirmisher (level 1, 0/19 HPs)
             Began as a Draconian Abyssal Knight on Sept 15, 2021.
             Was a Follower of Lugonu.
             Slain by a small abomination (12 damage)
             ... on level 1 of the Abyss.
             The game lasted 00:00:29 (134 turns).

meatgazer the Skirmisher (Draconian Abyssal Knight)  Turns: 134, Time: 00:00:29

Health: 0/19       AC:  4    Str: 14    XL:     1   Next: 0%
Magic:  2/2        EV: 12    Int: 12    God:    Lugonu [*.....]
Gold:   0          SH:  0    Dex: 10    Spells: 0/0 levels left

rFire   . . .      SeeInvis .   a - +1 spear
rCold   . . .      Faith    .   (no shield)
rNeg    . . .      Spirit   .   (armour unavailable)
rPois   .          Reflect  .   (helmet restricted)
rElec   .          Harm     .   (no cloak)
rCorr   .          Rampage  .   (no gloves)
Will    .....                   (no boots)
Stlth   +.........              (no amulet)
HPRegen 0.06/turn               (no ring)
MPRegen 0.08/turn               (no ring)

@: no status effects
A: AC +4, unfitting armour, cold-blooded
a: Renounce Religion, Depart the Abyss


You were on level 1 of the Abyss.
You worshipped Lugonu.
Lugonu was aware of your devotion.
You visited 0 branches of the dungeon, and saw 0 of its levels.
You visited the Abyss 1 time.

Inventory:

Hand Weapons
 a - a +1 spear (weapon)
Scrolls
 b - a scroll of silence {unknown}
 c - a scroll of vulnerability {unknown}
 d - a scroll of teleportation {unknown}


   Skills:
 + Level 3.2 Fighting
 + Level 2.0 Polearms
 + Level 2.1 Dodging
 + Level 2.0 Invocations


You couldn't memorise any spells.
You didn't know any spells.
Your spell library was empty.

Dungeon Overview and Level Annotations

Branches:
Dungeon (0/15)

Altars:


Innate Abilities, Weirdness & Mutations

Your plain brown scales are hard. (AC +4)
You cannot fit into any form of body armour.
You are cold-blooded and may be slowed by cold attacks.


Message History

Welcome, meatgazer the Draconian Abyssal Knight.
Will you prevail where others failed? Will you find the Orb of Zot?
Lugonu says: Depart the Abyss and spread corruption, my servant! (use the ability menu to exit the Abyss) Press ? for a list of commands and other information.
Found a corrupted altar of Lugonu.
There is a corrupted altar of Lugonu here.
Found a gateway leading out of the Abyss.
Found a corrupted altar of Lugonu.
There is a corrupted altar of Lugonu here.
b - a scroll labelled CACUW WEAK
c - a scroll labelled LIOLATHREAMO
There is a gateway leading out of the Abyss here.
There is a corrupted altar of Lugonu here.
Found a spear.
You see here a +0 spear.
d - a scroll labelled TUUMOQ DIGH A lurking horror comes into view.
A small abomination comes into view.
Your body is wracked with pain!
Found 10 gold pieces.
You see here 10 gold pieces.
The small abomination barely misses you.
A small abomination is nearby!
You barely miss the small abomination.
The small abomination barely misses you.
You barely miss the small abomination.
You tail-slap the small abomination, but do no damage.
The small abomination hits you!
Ouch! That really hurt!
You die...

..
####.###.ยง
.##.#...#...#
# .......
.#..# #.
#.##......##
#. ##.$.
##... # ..
#..### ## ##
#.##.. #
#..x##.#.#
#.#@....#
#..###..#
#.#. ## #..#.
... #. ..#.
.# . . .


You could see a small abomination.

Vanquished Creatures (others)
  A lurking horror (Abyss:1)
1 creature vanquished.

Notes
Turn   | Place    | Note
-------+----------+-------------------------------------------
     0 | Abyss:1  | meatgazer the Draconian Abyssal Knight began the quest for
                  | the Orb.
     0 | Abyss:1  | Reached XP level 1. HP: 19/19 MP: 2/2
     9 | Abyss:1  | Found a corrupted altar of Lugonu.
    50 | Abyss:1  | Found a corrupted altar of Lugonu.
   109 | Abyss:1  | Noticed a small abomination
   134 | Abyss:1  | Slain by a small abomination

Illustrated notes

Levels and vault maps discovered:
Abyss:1:  base: Temple, base: Temple, evilmike_abyss_exit_10

Action                   || total
-------------------------++-------
Melee: Spear             ||     2
       Tailslap          ||     1
Dodge: Dodged            ||     2

Table legend: (Time is in decaauts)
 A = Elapsed time spent in this place.
 B = Non-inter-level travel time spent in this place.
 C = Inter-level travel time spent in this place.
 D = Time resting spent in this place.
 E = Time spent auto-exploring this place.
 F = Levels seen in this place.
 G = Mean time per level.
                   A        B        C        D        E       F      G
               +--------+--------+--------+--------+--------+-----+--------+
         Total |    134 |    134 |      0 |      0 |     99 |   1 |  134.0 |
         Abyss |    134 |    134 |      0 |      0 |     99 |   1 |  134.0 |
               +--------+--------+--------+--------+--------+-----+--------+

Top non-repeatable levels by time:
 Abyss:1: 134 daAuts
